ATATATATA, neutral male human Monk ------ |....| |>...| ###|....| -------- ------- # #.%....# ------------- |......| |.....-####------# |`.........`|#######-^.....| |.....| # % |.....`......'& |..)...| |.<....## # |...-.---...| @ #.......| ------- #### |...|...|...| ######|....... #------ |..`|...|`..| ## -------- #|..%*.######....|.{.|...| #|....| |...-----...| #.....| |.....`.....- |....| |`.........`| ------ ------------- ATATATATA the Novice Experience level: 4 Strength: 16 Dexterity: 13 Constitution: 14 Intelligence: 10 Wisdom: 11 Charisma: 11 Health: 0(27) Energy: 19(19) Def: 7 Gold: 345 Moves: 1351 Dungeon seed: VnBgR-TvIRjHXI1r Game ID: ATATATATA_1566918912 Your Inventory: Coins $ - 345 gold pieces Weapons r - a blessed +0 scimitar Armor e - a blessed +2 pair of leather gloves (being worn) n - an uncursed +1 robe (being worn) q - an uncursed +0 pair of speed boots (being worn) Comestibles d - 4 uncursed food rations f - 5 uncursed apples g - 8 uncursed oranges h - 5 uncursed fortune cookies Scrolls b - an uncursed scroll of gold detection Spellbooks a - a blessed spellbook of healing Potions c - 3 uncursed potions of healing j - an uncursed potion of water Rings s - an uncursed +1 ring of protection Wands p - a wand of create monster (0:12) Tools i - an uncursed towel o - an uncursed credit card Spells and supernatural/magical abilities: Name Level Category Fail Memory h - healing 1 healing 0% 94% W - pray for help -- divine ? -- Your skills at the end: Fighting Skills martial arts [Basic] Weapon Skills Spellcasting Skills healing spells [Basic] Final Attributes: You were piously aligned. You were sleep resistant. You were poison resistant. You saw invisible. You were very fast. You are dead. Vanquished creatures: a little dog 2 hill orcs 2 werejackals an iguana a yellow mold 3 geckos 2 jackals a kobold 2 sewer rats 10 grid bugs 3 lichens 4 newts 32 creatures vanquished. Voluntary challenges: You followed a strict vegan diet. You never hit with a wielded weapon. You read items or engraved 1 time, starting on turn 1231. You never genocided any monsters. You never polymorphed an object. You never changed form. You used no wishes. You never split a pudding. You never wrote Elbereth's name. You never violated your personal moral code. Dungeon overview: The Dungeons of Doom: levels 1 to 5 Level 1 a long staircase Level 2 an armor shop Level 3 an altar to Chih Sung-tzu a long staircase Level 4 Level 5 <- You were here a fountain History has recorded: On T:1 you entered the Dungeons of Doom to retrieve the Amulet of Yendor! On T:226 you reached level 2 of The Dungeons of Doom. On T:522 you reached level 3 of The Dungeons of Doom. On T:544 you advanced to experience level 2. On T:863 you reached level 4 of The Dungeons of Doom. On T:1188 you advanced to experience level 3. On T:1228 you reached level 5 of The Dungeons of Doom. On T:1272 you advanced to experience level 4. Score breakdown: Gold: 345 ( 8637 points) Experience: 4 levels ( 9649 points) Exploration: 5 levels ( 10.64%) ( 8846 points) Discoveries: 3 items ( 1.07%) ( 3105 points) Valuables value: (no points given unless you survive) Artifact value: 0 ( 0 points) Variety of kills: 12 monsters ( 3.15%) ( 5324 points) Turncount: 1351 turns ( 0 points) Survival: died (score multiplied by 80%) Total score: 28448 Latest messages: The water demon starts to attack you, but pulls back. The paper golem starts to attack you, but pulls back. The water demon starts to attack you, but pulls back. The paper golem starts to attack you, but pulls back. The water demon starts to attack you, but pulls back. You feel that Chih Sung-tzu is well-pleased. You feel much better. You hit the water demon! The paper golem hits! The water demon hits! (2x) The water demon bites! You hit the water demon! You miss the water demon. The paper golem misses. The water demon hits! (2x) The water demon bites! You miss the water demon. (2x) The paper golem hits! The water demon hits! (2x) The water demon bites! You miss the water demon. The paper golem hits! The water demon hits! You die... Final status: Goodbye ATATATATA the Monk, killed by a water demon... You died in The Dungeons of Doom on dungeon level 5 with 28448 points, and 345 pieces of gold, after 1351 moves. You were level 4 with a maximum of 27 hit points when you died.